Penguins vs Wild

Created - January-10-13 at 18:04

Goals
1 2 3 T
Penguins 2 1 0 3
Wild 1 2 1 4
Shots
1 2 3 T
Penguins 10 4 5 19
Wild 3 8 5 16

1st period

1. Wild , Brian Rolston 3 (Henrik Tallinder, Alexei Ponikarovsky) at 1:55
2. Penguins , Joe Pavelski 13 (Ryan Suter, Alexander Edler) at 2:05
3. Penguins , Joe Pavelski 14 (Matt Read, Alexander Steen) at 3:17

Penalties :
Henrik Tallinder (MIN) for Tripping (Minor) at 6:19, Carl Gunnarsson (MIN) for Hooking (Minor) at 14:01, Drew Stafford (PIT) for High sticking (Minor) at 17:02

2nd period

4. Wild , Nicklas Lidstrom 5 (Olli Jokinen, Fedor Tyutin) at 5:17 (PP)
5. Wild , Bobby Ryan 14 (Dan Hamhuis) at 5:38
6. Penguins , Joe Pavelski 15 (Matt Read, Ryan Suter) at 6:33

Penalties :
Ryan Callahan (PIT) for Roughing (Minor) at 2:41, Adam Larsson (PIT) for Tripping (Minor) at 4:50, Nicklas Lidstrom (MIN) for Cross-checking (Minor) at 7:54

3rd period

7. Wild , Henrik Tallinder 3 (Milan Hejduk, Carl Gunnarsson) at 18:01

Penalties :
Michael Stone (MIN) for Hooking (Minor) at 4:25, Brian Rolston (MIN) for Tripping (Minor) at 6:44, Michael Stone (MIN) for Interference (Minor) at 9:11, Ryan Suter (PIT) for Slashing (Minor) at 12:38, Dan Hamhuis (MIN) for Hooking (Minor) at 18:35

Goalie Stats

Marc-Andre Fleury (PIT), 12 saves from 16 shots - (0.750), L, 14-19-5, 59:01 minutes
Niklas Backstrom (MIN), 16 saves from 19 shots - (0.842), W, 25-13-3, 60:00 minutes

Players Stats for Penguins

Player Name              G  A  P  +/- PIM S  H  SB GA TA FO     MP     PP MP  PK MP  
------------------------------------------------------------------------------------
Adam Larsson             0  0  0  -2  2   0  2  0  0  0  0/0    12:03   0:00   0:50 
Alexander Edler          0  1  1   2  0   2  0  0  0  0  0/0    22:57   6:39   2:31 
Alexander Steen          0  1  1   2  0   1  2  0  0  0  0/1    20:28   7:09   0:50 
Andrew Ladd              0  0  0  -2  0   0  0  0  0  0  0/0    11:38   0:00   0:00 
Bobby Butler             0  0  0   0  0   0  0  0  0  0  1/1     3:12   0:00   0:00 
Cam Fowler               0  0  0   0  0   0  0  1  0  0  0/0     2:25   0:00   0:00 
Colin Wilson             0  0  0  -2  0   1  1  0  0  0  1/10   12:39   0:00   1:01 
Dan Girardi              0  0  0   0  0   1  2  1  0  0  0/0    23:24   6:39   3:53 
Drew Stafford            0  0  0  -2  2   0  5  0  0  0  1/1    11:37   0:00   0:00 
Gabriel Landeskog        0  0  0   0  0   0  7  0  0  0  3/4    20:32   6:09   1:24 
Jake Dowell              0  0  0   0  0   0  0  0  0  0  0/2     3:12   0:00   0:00 
Joe Pavelski             3  0  3   2  0   4  0  0  0  0  16/30  21:52   7:09   2:14 
Kris Letang              0  0  0   0  0   3  1  4  0  0  0/0    25:49   6:39   3:53 
Matt Read                0  2  2   2  0   0  3  0  0  0  0/0    19:46   7:09   0:08 
Nick Leddy               0  0  0  -2  0   0  0  0  0  0  0/0    11:14   0:00   0:00 
Ryan Callahan            0  0  0   0  2   2  4  0  0  0  4/7    25:20   6:09   3:01 
Ryan Suter               0  2  2   2  2   0  0  1  0  0  0/0    22:06   6:39   1:41 
Stephen Weiss            0  0  0   0  0   5  0  0  0  0  5/20   23:18   6:09   4:10 

Players Stats for Wild

Player Name              G  A  P  +/- PIM S  H  SB GA TA FO     MP     PP MP  PK MP  
------------------------------------------------------------------------------------
Alexei Ponikarovsky      0  1  1   0  0   1  1  0  0  0  0/1    15:33   2:47   0:38 
Bobby Ryan               1  0  1   2  0   3  1  0  0  0  3/5    19:10   2:51   4:40 
Brian Gionta             0  0  0  -1  0   0  3  0  0  0  4/11   21:04   3:33   4:40 
Brian Rolston            1  0  1   0  2   1  0  0  0  0  0/2    13:26   0:00   0:38 
Carl Gunnarsson          0  1  1   1  2   0  2  2  0  0  0/0    14:00   0:00   4:35 
Dan Hamhuis              0  1  1  -1  2   0  3  1  0  0  0/0    22:19   3:03   2:46 
Fedor Tyutin             0  1  1   0  0   3  4  1  0  0  0/0    25:05   3:21   7:23 
Henrik Tallinder         1  1  2   1  2   1  1  3  0  0  0/0    15:22   0:00   5:57 
Jason Arnott             0  0  0   1  0   0  0  0  0  0  11/12  17:36   0:00   0:00 
Manny Malhotra           0  0  0   0  0   2  0  0  0  0  2/4     6:09   0:04   0:00 
Matt Bradley             0  0  0  -1  0   0  0  0  0  0  1/1     3:40   0:00   0:00 
Michael Stone            0  0  0  -1  4   0  0  0  0  0  0/0     4:19   0:00   0:00 
Milan Hejduk             0  1  1   2  0   0  0  0  0  0  0/0    14:30   2:51   0:00 
Milan Michalek           0  0  0  -2  0   0  2  0  0  0  2/3    27:26   3:33   8:00 
Nicklas Lidstrom         1  0  1   0  2   5  0  0  0  0  0/0    17:41   3:21   0:00 
Olli Jokinen             0  1  1  -1  0   0  2  1  0  0  20/33  25:00   3:33   8:00 
Patrik Berglund          0  0  0   0  0   0  1  0  0  0  2/4     3:07   0:00   0:00 
Tom Gilbert              0  0  0   0  0   0  0  0  0  0  0/0    21:08   3:03   5:55 

3 Stars

1 - Joe Pavelski (PIT)
2 - Matt Read (PIT)
3 - Henrik Tallinder (MIN)

Power Play

Penguins - 0 on 7 Attempt(s) - 0.00%
Wild - 1 on 4 Attempt(s) - 25.00%

Penalty Kill

Penguins - 3 on 4 Attempt(s) - 75.00% - Score 0 goal in Penalty Kill
Wild - 7 on 7 Attempt(s) - 100.00% - Score 0 goal in Penalty Kill

Official

Referees : Marc Joannette and Kyle Rehman
Linesman : Vaughan Rody and Derek Amell

Game Notes

Patrik Berglund is injured at 11:48 of 1st period (Bruised Left Shoulder)
Joe Pavelski has scored a Hat Trick!

Finance

Level 1 -- Attendance: 6377 (98.11%) -- Ticket Income $637,700
Level 2 -- Attendance: 5000 (100.00%) -- Ticket Income $300,000
Level 3 -- Attendance: 3500 (100.00%) -- Ticket Income $122,500
Level 4 -- Attendance: 2064 (100.00%) -- Ticket Income $41,280
Luxury Box -- Attendance: 945 (94.50%) -- Ticket Income $189,000
Game was played at the Xcel Energy Center
Total Attendance: 17886 (99.01%)
Total Ticket Income: $1,290,480
Other Income: $193,572
Total Income: $1,484,052


% Time on Ice - Penguins

Lines # - Real PCT - Wanted PCT - Time Play
Normal Forward
1 - 32% - 40% - 12:59
2 - 31% - 30% - 12:29
3 - 29% - 20% - 11:38
4 - 8% - 10% - 3:12
Normal Defense
1 - 32% - 40% - 12:52
2 - 34% - 30% - 13:47
3 - 28% - 20% - 11:14
4 - 6% - 10% - 2:25
PP Forward
1 - 46% - 60% - 6:09
2 - 54% - 40% - 7:09
PP Defense
1 - 50% - 60% - 6:39
2 - 50% - 40% - 6:39
PK Forward
1 - 78% - 60% - 5:00
2 - 22% - 40% - 1:24
PK Defense
1 - 61% - 60% - 3:53
2 - 39% - 40% - 2:31
PK3 Forward
1 - 0% - 60%
2 - 0% - 40%
PK3 Defense
1 - 0% - 60%
2 - 0% - 40%
44 Forward
1 - 0% - 60%
2 - 0% - 40%
44 Defense
1 - 0% - 60%
2 - 0% - 40%
Last Minute Offensive  - 0:00
Last Minute Defensive  - 0:00
Total
Forward - 60:00
Defense - 60:00

% Time on Ice - Wild

Lines # - Real PCT - Wanted PCT - Time Play
Normal Forward
1 - 32% - 40% - 12:51
2 - 29% - 30% - 11:39
3 - 30% - 20% - 12:08
4 - 9% - 10% - 3:40
Normal Defense
1 - 36% - 40% - 14:21
2 - 30% - 30% - 12:10
3 - 23% - 20% - 9:26
4 - 11% - 10% - 4:21
PP Forward
1 - 55% - 60% - 3:33
2 - 45% - 40% - 2:51
PP Defense
1 - 52% - 60% - 3:21
2 - 48% - 40% - 3:03
PK Forward
1 - 65% - 60% - 8:38
2 - 35% - 40% - 4:40
PK Defense
1 - 56% - 60% - 7:23
2 - 44% - 40% - 5:55
PK3 Forward
1 - 0% - 60%
2 - 0% - 40%
PK3 Defense
1 - 0% - 60%
2 - 0% - 40%
44 Forward
1 - 0% - 60%
2 - 0% - 40%
44 Defense
1 - 0% - 60%
2 - 0% - 40%
Last Minute Offensive  - 0:00
Last Minute Defensive  - 0:00
Total
Forward - 60:00
Defense - 60:00

Play by Play

1st period


0:01 of 1st period - Stephen Weiss wins face-off versus Milan Michalek in neutral zone.
0:01 of 1st period - Dan Girardi is hit by Olli Jokinen and loses puck.
0:23 of 1st period - Kris Letang is hit by Milan Michalek and loses puck.
0:29 of 1st period - Dan Girardi is hit by Fedor Tyutin and loses puck.
1:11 of 1st period - Kris Letang is hit by Dan Hamhuis and loses puck.
1:23 of 1st period - Icing by Dan Hamhuis.
1:24 of 1st period - Patrik Berglund wins face-off versus Alexander Steen in Wild zone.
1:40 of 1st period - Off-side.
1:41 of 1st period - Jason Arnott wins face-off versus Colin Wilson in neutral zone.
1:47 of 1st period - Icing by Andrew Ladd.
1:48 of 1st period - Jason Arnott wins face-off versus Colin Wilson in Penguins zone.
1:51 of 1st period - Shot by Alexei Ponikarovsky.
1:51 of 1st period - Shot Misses the Net.
1:53 of 1st period - Shot by Henrik Tallinder.
1:53 of 1st period - Shot Misses the Net.
1:55 of 1st period - Shot by Brian Rolston.
1:55 of 1st period - Goal by Brian Rolston - Penguins : 0 - Wild : 1.
1:56 of 1st period - Joe Pavelski wins face-off versus Manny Malhotra in neutral zone.
2:05 of 1st period - Shot by Joe Pavelski.
2:05 of 1st period - Goal by Joe Pavelski - Penguins : 1 - Wild : 1.
2:06 of 1st period - Colin Wilson wins face-off versus Alexei Ponikarovsky in neutral zone.
2:29 of 1st period - Shot by Colin Wilson.
2:29 of 1st period - Shot Misses the Net.
2:31 of 1st period - Shot by Colin Wilson.
2:31 of 1st period - Shot Blocked by Henrik Tallinder.
2:33 of 1st period - Shot by Drew Stafford.
2:33 of 1st period - Shot Blocked by Henrik Tallinder.
3:13 of 1st period - Shot by Matt Read.
3:13 of 1st period - Shot Blocked by Henrik Tallinder.
3:15 of 1st period - Shot by Alexander Steen.
3:15 of 1st period - Deflect By Matt Read.
3:15 of 1st period - Shot Misses the Net.
3:17 of 1st period - Shot by Joe Pavelski.
3:17 of 1st period - Goal by Joe Pavelski - Penguins : 2 - Wild : 1.
3:18 of 1st period - Olli Jokinen wins face-off versus Jake Dowell in neutral zone.
3:22 of 1st period - Off-side.
3:23 of 1st period - Bobby Butler wins face-off versus Brian Gionta in neutral zone.
3:23 of 1st period - Kris Letang is hit by Brian Gionta and loses puck.
3:54 of 1st period - Shot by Ryan Callahan.
3:54 of 1st period - Stopped by Niklas Backstrom without a rebound.
3:55 of 1st period - Joe Pavelski wins face-off versus Patrik Berglund in Wild zone.
4:24 of 1st period - Patrik Berglund is hit by Matt Read.
5:01 of 1st period - Kris Letang is hit by Fedor Tyutin and loses puck.
5:54 of 1st period - Drew Stafford is hit by Milan Michalek and loses puck.
6:19 of 1st period - Minor Penalty to Henrik Tallinder for Tripping.
6:20 of 1st period - Joe Pavelski wins face-off versus Brian Rolston in Wild zone.
6:32 of 1st period - Off-side.
6:33 of 1st period - Joe Pavelski wins face-off versus Olli Jokinen in neutral zone.
6:46 of 1st period - Shot by Alexander Steen.
6:46 of 1st period - Stopped by Niklas Backstrom without a rebound.
6:47 of 1st period - Olli Jokinen wins face-off versus Stephen Weiss in Wild zone.
6:59 of 1st period - Ryan Callahan is hit by Bobby Ryan and loses puck.
7:04 of 1st period - Shot by Bobby Ryan.
7:04 of 1st period - Shot Misses the Net.
7:06 of 1st period - Shot by Bobby Ryan.
7:06 of 1st period - Stopped by Marc-Andre Fleury without a rebound.
7:07 of 1st period - Olli Jokinen wins face-off versus Joe Pavelski in Penguins zone.
7:20 of 1st period - Shot by Joe Pavelski.
7:20 of 1st period - Stopped by Niklas Backstrom without a rebound.
7:21 of 1st period - Olli Jokinen wins face-off versus Stephen Weiss in Wild zone.
7:27 of 1st period - Icing by Ryan Callahan.
7:28 of 1st period - Olli Jokinen wins face-off versus Stephen Weiss in Penguins zone.
7:41 of 1st period - Shot by Kris Letang.
7:41 of 1st period - Shot Blocked by Fedor Tyutin.
7:55 of 1st period - Shot by Dan Girardi.
7:55 of 1st period - Shot Misses the Net.
7:57 of 1st period - Shot by Dan Girardi.
7:57 of 1st period - Shot Misses the Net.
8:28 of 1st period - Icing by Henrik Tallinder.
8:29 of 1st period - Joe Pavelski wins face-off versus Patrik Berglund in Wild zone.
8:29 of 1st period - Alexander Edler is hit by Carl Gunnarsson.
8:34 of 1st period - Icing by Carl Gunnarsson.
8:35 of 1st period - Patrik Berglund wins face-off versus Joe Pavelski in Wild zone.
8:44 of 1st period - Off-side.
8:45 of 1st period - Jason Arnott wins face-off versus Colin Wilson in neutral zone.
8:58 of 1st period - Alexei Ponikarovsky is hit by Drew Stafford and loses puck.
10:09 of 1st period - Shot by Stephen Weiss.
10:09 of 1st period - Stopped by Niklas Backstrom without a rebound.
10:10 of 1st period - Joe Pavelski wins face-off versus Brian Gionta in Wild zone.
10:37 of 1st period - Shot by Alexander Steen.
10:37 of 1st period - Shot Misses the Net.
10:44 of 1st period - Brian Gionta is hit by Alexander Steen and loses puck.
11:22 of 1st period - Kris Letang is hit by Patrik Berglund and loses puck.
11:47 of 1st period - Patrik Berglund is hit by Gabriel Landeskog and loses puck.
11:48 of 1st period - Patrik Berglund from Wild is injured at 11:48 of 1st period (Bruised Left Shoulder).
11:49 of 1st period - Manny Malhotra wins face-off versus Colin Wilson in Wild zone.
12:45 of 1st period - Fedor Tyutin is hit by Gabriel Landeskog and loses puck.
12:52 of 1st period - Shot by Stephen Weiss.
12:52 of 1st period - Shot Misses the Net.
12:54 of 1st period - Shot by Dan Girardi.
12:54 of 1st period - Shot Misses the Net.
13:46 of 1st period - Off-side.
13:47 of 1st period - Joe Pavelski wins face-off versus Olli Jokinen in neutral zone.
14:01 of 1st period - Minor Penalty to Carl Gunnarsson for Hooking.
14:02 of 1st period - Joe Pavelski wins face-off versus Olli Jokinen in Wild zone.
14:13 of 1st period - Shot by Joe Pavelski.
14:13 of 1st period - Shot Misses the Net.
15:05 of 1st period - Shot by Ryan Callahan.
15:05 of 1st period - Stopped by Niklas Backstrom without a rebound.
15:06 of 1st period - Brian Gionta wins face-off versus Stephen Weiss in Wild zone.
15:30 of 1st period - Shot by Kris Letang.
15:30 of 1st period - Stopped by Niklas Backstrom with a rebound.
15:32 of 1st period - Shot by Ryan Callahan.
15:32 of 1st period - Shot Misses the Net.
15:34 of 1st period - Shot by Kris Letang.
15:34 of 1st period - Stopped by Niklas Backstrom without a rebound.
15:35 of 1st period - Brian Gionta wins face-off versus Joe Pavelski in Wild zone.
15:43 of 1st period - Matt Read is hit by Henrik Tallinder.
15:51 of 1st period - Shot by Alexander Edler.
15:51 of 1st period - Stopped by Niklas Backstrom without a rebound.
15:52 of 1st period - Olli Jokinen wins face-off versus Stephen Weiss in Wild zone.
16:57 of 1st period - Icing by Adam Larsson.
16:58 of 1st period - Drew Stafford wins face-off versus Olli Jokinen in Penguins zone.
17:02 of 1st period - Minor Penalty to Drew Stafford for High sticking.
17:03 of 1st period - Ryan Callahan wins face-off versus Brian Gionta in Penguins zone.
17:26 of 1st period - Icing by Milan Michalek.
17:27 of 1st period - Olli Jokinen wins face-off versus Ryan Callahan in Wild zone.
18:39 of 1st period - Stephen Weiss is hit by Alexei Ponikarovsky and loses puck.
18:46 of 1st period - Shot by Nicklas Lidstrom.
18:46 of 1st period - Stopped by Marc-Andre Fleury without a rebound.
18:47 of 1st period - Joe Pavelski wins face-off versus Olli Jokinen in Penguins zone.
18:47 of 1st period - Joe Pavelski is hit by Brian Gionta.
19:30 of 1st period - Jason Arnott is hit by Adam Larsson and loses puck.
19:40 of 1st period - Brian Rolston is hit by Adam Larsson and loses puck.

2nd period


0:01 of 2nd period - Olli Jokinen wins face-off versus Stephen Weiss in neutral zone.
0:34 of 2nd period - Icing by Brian Gionta.
0:35 of 2nd period - Joe Pavelski wins face-off versus Olli Jokinen in Wild zone.
0:35 of 2nd period - Ryan Suter is hit by Dan Hamhuis and loses puck.
1:46 of 2nd period - Icing by Joe Pavelski.
1:47 of 2nd period - Joe Pavelski wins face-off versus Jason Arnott in Penguins zone.
2:41 of 2nd period - Minor Penalty to Ryan Callahan for Roughing.
2:42 of 2nd period - Bobby Ryan wins face-off versus Colin Wilson in Penguins zone.
2:43 of 2nd period - Shot by Nicklas Lidstrom.
2:43 of 2nd period - Shot Blocked by Kris Letang.
2:45 of 2nd period - Shot by Fedor Tyutin.
2:45 of 2nd period - Stopped by Marc-Andre Fleury without a rebound.
2:46 of 2nd period - Olli Jokinen wins face-off versus Colin Wilson in Penguins zone.
2:57 of 2nd period - Shot by Fedor Tyutin.
2:57 of 2nd period - Shot Blocked by Dan Girardi.
2:59 of 2nd period - Shot by Brian Gionta.
2:59 of 2nd period - Shot Misses the Net.
3:01 of 2nd period - Shot by Olli Jokinen.
3:01 of 2nd period - Shot Blocked by Kris Letang.
3:03 of 2nd period - Shot by Nicklas Lidstrom.
3:03 of 2nd period - Stopped by Marc-Andre Fleury with a rebound.
3:05 of 2nd period - Shot by Fedor Tyutin.
3:05 of 2nd period - Shot Misses the Net.
3:07 of 2nd period - Shot by Fedor Tyutin.
3:07 of 2nd period - Stopped by Marc-Andre Fleury with a rebound.
3:09 of 2nd period - Shot by Olli Jokinen.
3:09 of 2nd period - Shot Misses the Net.
3:41 of 2nd period - Icing by Dan Hamhuis.
3:42 of 2nd period - Bobby Ryan wins face-off versus Joe Pavelski in Wild zone.
4:13 of 2nd period - Shot by Alexei Ponikarovsky.
4:13 of 2nd period - Shot Misses the Net.
4:15 of 2nd period - Shot by Alexei Ponikarovsky.
4:15 of 2nd period - Shot Blocked by Ryan Suter.
4:50 of 2nd period - Minor Penalty to Adam Larsson for Tripping.
4:51 of 2nd period - Ryan Callahan wins face-off versus Olli Jokinen in Penguins zone.
4:51 of 2nd period - Ryan Callahan is hit by Olli Jokinen.
5:03 of 2nd period - Shot by Nicklas Lidstrom.
5:03 of 2nd period - Shot Misses the Net.
5:15 of 2nd period - Shot by Nicklas Lidstrom.
5:15 of 2nd period - Shot Misses the Net.
5:17 of 2nd period - Shot by Nicklas Lidstrom.
5:17 of 2nd period - Goal by Nicklas Lidstrom - Penguins : 2 - Wild : 2.
5:18 of 2nd period - Jason Arnott wins face-off versus Colin Wilson in neutral zone.
5:18 of 2nd period - Jason Arnott is hit by Drew Stafford.
5:38 of 2nd period - Shot by Bobby Ryan.
5:38 of 2nd period - Goal by Bobby Ryan - Penguins : 2 - Wild : 3.
5:39 of 2nd period - Jason Arnott wins face-off versus Joe Pavelski in neutral zone.
6:16 of 2nd period - Shot by Nicklas Lidstrom.
6:16 of 2nd period - Shot Misses the Net.
6:23 of 2nd period - Icing by Ryan Suter.
6:24 of 2nd period - Joe Pavelski wins face-off versus Olli Jokinen in Penguins zone.
6:33 of 2nd period - Shot by Joe Pavelski.
6:33 of 2nd period - Goal by Joe Pavelski - Penguins : 3 - Wild : 3.
6:34 of 2nd period - Olli Jokinen wins face-off versus Stephen Weiss in neutral zone.
6:38 of 2nd period - Dan Hamhuis is hit by Dan Girardi and loses puck.
7:20 of 2nd period - Tom Gilbert is hit by Ryan Callahan and loses puck.
7:54 of 2nd period - Minor Penalty to Nicklas Lidstrom for Cross-checking.
7:55 of 2nd period - Milan Michalek wins face-off versus Joe Pavelski in Wild zone.
8:16 of 2nd period - Icing by Alexander Edler.
8:17 of 2nd period - Joe Pavelski wins face-off versus Olli Jokinen in Penguins zone.
8:44 of 2nd period - Off-side.
8:45 of 2nd period - Ryan Callahan wins face-off versus Brian Gionta in neutral zone.
9:16 of 2nd period - Shot by Kris Letang.
9:16 of 2nd period - Shot Misses the Net.
9:18 of 2nd period - Shot by Stephen Weiss.
9:18 of 2nd period - Stopped by Niklas Backstrom without a rebound.
9:19 of 2nd period - Brian Gionta wins face-off versus Joe Pavelski in Wild zone.
9:19 of 2nd period - Brian Gionta is hit by Matt Read.
9:42 of 2nd period - Fedor Tyutin is hit by Alexander Steen and loses puck.
10:30 of 2nd period - Icing by Michael Stone.
10:31 of 2nd period - Jason Arnott wins face-off versus Stephen Weiss in Wild zone.
10:33 of 2nd period - Dan Hamhuis is hit by Gabriel Landeskog and loses puck.
10:44 of 2nd period - Off-side.
10:45 of 2nd period - Brian Gionta wins face-off versus Joe Pavelski in neutral zone.
10:54 of 2nd period - Shot by Milan Michalek.
10:54 of 2nd period - Shot Misses the Net.
12:20 of 2nd period - Shot by Stephen Weiss.
12:20 of 2nd period - Stopped by Niklas Backstrom without a rebound.
12:21 of 2nd period - Manny Malhotra wins face-off versus Colin Wilson in Wild zone.
12:21 of 2nd period - Manny Malhotra is hit by Drew Stafford.
12:24 of 2nd period - Milan Michalek is hit by Colin Wilson and loses puck.
12:29 of 2nd period - Shot by Manny Malhotra.
12:29 of 2nd period - Stopped by Marc-Andre Fleury without a rebound.
12:30 of 2nd period - Stephen Weiss wins face-off versus Manny Malhotra in Penguins zone.
13:00 of 2nd period - Milan Michalek is hit by Kris Letang and loses puck.
13:06 of 2nd period - Matt Bradley is hit by Dan Girardi and loses puck.
13:28 of 2nd period - Off-side.
13:29 of 2nd period - Jason Arnott wins face-off versus Joe Pavelski in neutral zone.
13:29 of 2nd period - Jason Arnott is hit by Matt Read.
14:34 of 2nd period - Shot by Drew Stafford.
14:34 of 2nd period - Shot Misses the Net.
14:46 of 2nd period - Shot by Colin Wilson.
14:46 of 2nd period - Stopped by Niklas Backstrom with a rebound.
14:56 of 2nd period - Nicklas Lidstrom is hit by Drew Stafford and loses puck.
15:31 of 2nd period - Shot by Ryan Callahan.
15:31 of 2nd period - Shot Blocked by Carl Gunnarsson.
15:43 of 2nd period - Carl Gunnarsson is hit by Ryan Callahan and loses puck.
16:20 of 2nd period - Stephen Weiss is hit by Dan Hamhuis and loses puck.
16:31 of 2nd period - Shot by Bobby Ryan.
16:31 of 2nd period - Shot Misses the Net.
16:37 of 2nd period - Shot by Bobby Ryan.
16:37 of 2nd period - Shot Blocked by Kris Letang.
16:39 of 2nd period - Shot by Dan Hamhuis.
16:39 of 2nd period - Shot Blocked by Kris Letang.
16:45 of 2nd period - Shot by Milan Hejduk.
16:45 of 2nd period - Deflect By Bobby Ryan.
16:45 of 2nd period - Stopped by Marc-Andre Fleury without a rebound.
16:46 of 2nd period - Olli Jokinen wins face-off versus Joe Pavelski in Penguins zone.
17:39 of 2nd period - Shot by Bobby Ryan.
17:39 of 2nd period - Shot Misses the Net.
18:46 of 2nd period - Shot by Henrik Tallinder.
18:46 of 2nd period - Shot Blocked by Cam Fowler.
18:48 of 2nd period - Shot by Manny Malhotra.
18:48 of 2nd period - Stopped by Marc-Andre Fleury without a rebound.
18:49 of 2nd period - Olli Jokinen wins face-off versus Jake Dowell in Penguins zone.
19:26 of 2nd period - Shot by Fedor Tyutin.
19:26 of 2nd period - Shot Misses the Net.

3rd period


0:01 of 3rd period - Olli Jokinen wins face-off versus Stephen Weiss in neutral zone.
0:01 of 3rd period - Nicklas Lidstrom is hit by Ryan Callahan.
0:17 of 3rd period - Nicklas Lidstrom is hit by Gabriel Landeskog and loses puck.
0:33 of 3rd period - Shot by Stephen Weiss.
0:33 of 3rd period - Shot Misses the Net.
1:28 of 3rd period - Joe Pavelski is hit by Fedor Tyutin and loses puck.
1:36 of 3rd period - Icing by Nicklas Lidstrom.
1:37 of 3rd period - Olli Jokinen wins face-off versus Colin Wilson in Wild zone.
1:53 of 3rd period - Icing by Nicklas Lidstrom.
1:54 of 3rd period - Milan Michalek wins face-off versus Ryan Callahan in Wild zone.
4:25 of 3rd period - Minor Penalty to Michael Stone for Hooking.
4:26 of 3rd period - Olli Jokinen wins face-off versus Gabriel Landeskog in Wild zone.
4:31 of 3rd period - Shot by Kris Letang.
4:31 of 3rd period - Stopped by Niklas Backstrom without a rebound.
4:32 of 3rd period - Stephen Weiss wins face-off versus Olli Jokinen in Wild zone.
4:43 of 3rd period - Shot by Dan Girardi.
4:43 of 3rd period - Shot Misses the Net.
5:11 of 3rd period - Brian Gionta is hit by Gabriel Landeskog and loses puck.
6:19 of 3rd period - Joe Pavelski is hit by Fedor Tyutin.
6:21 of 3rd period - Shot by Alexander Edler.
6:21 of 3rd period - Shot Misses the Net.
6:44 of 3rd period - Minor Penalty to Brian Rolston for Tripping.
6:45 of 3rd period - Gabriel Landeskog wins face-off versus Olli Jokinen in Wild zone.
6:46 of 3rd period - Shot by Dan Girardi.
6:46 of 3rd period - Stopped by Niklas Backstrom without a rebound.
6:47 of 3rd period - Stephen Weiss wins face-off versus Olli Jokinen in Wild zone.
6:47 of 3rd period - Ryan Suter is hit by Carl Gunnarsson and loses puck.
6:52 of 3rd period - Shot by Ryan Suter.
6:52 of 3rd period - Shot Blocked by Carl Gunnarsson.
6:54 of 3rd period - Shot by Stephen Weiss.
6:54 of 3rd period - Shot Misses the Net.
6:56 of 3rd period - Shot by Alexander Edler.
6:56 of 3rd period - Stopped by Niklas Backstrom with a rebound.
6:58 of 3rd period - Shot by Stephen Weiss.
6:58 of 3rd period - Stopped by Niklas Backstrom without a rebound.
6:59 of 3rd period - Olli Jokinen wins face-off versus Joe Pavelski in Wild zone.
7:05 of 3rd period - Icing by Joe Pavelski.
7:06 of 3rd period - Olli Jokinen wins face-off versus Joe Pavelski in Penguins zone.
9:11 of 3rd period - Minor Penalty to Michael Stone for Interference.
9:12 of 3rd period - Joe Pavelski wins face-off versus Brian Gionta in Wild zone.
10:04 of 3rd period - Icing by Ryan Suter.
10:05 of 3rd period - Stephen Weiss wins face-off versus Brian Gionta in Penguins zone.
10:36 of 3rd period - Shot by Stephen Weiss.
10:36 of 3rd period - Stopped by Niklas Backstrom without a rebound.
10:37 of 3rd period - Joe Pavelski wins face-off versus Olli Jokinen in Wild zone.
10:40 of 3rd period - Shot by Joe Pavelski.
10:40 of 3rd period - Shot Blocked by Olli Jokinen.
11:16 of 3rd period - Dan Hamhuis is hit by Drew Stafford and loses puck.
11:29 of 3rd period - Shot by Alexei Ponikarovsky.
11:29 of 3rd period - Stopped by Marc-Andre Fleury without a rebound.
11:30 of 3rd period - Jason Arnott wins face-off versus Stephen Weiss in Penguins zone.
11:42 of 3rd period - Icing by Stephen Weiss.
11:43 of 3rd period - Jason Arnott wins face-off versus Stephen Weiss in Penguins zone.
12:09 of 3rd period - Icing by Stephen Weiss.
12:10 of 3rd period - Matt Bradley wins face-off versus Stephen Weiss in Penguins zone.
12:38 of 3rd period - Minor Penalty to Ryan Suter for Slashing.
12:39 of 3rd period - Bobby Ryan wins face-off versus Ryan Callahan in Penguins zone.
12:40 of 3rd period - Shot by Nicklas Lidstrom.
12:40 of 3rd period - Stopped by Marc-Andre Fleury without a rebound.
12:41 of 3rd period - Ryan Callahan wins face-off versus Bobby Ryan in Penguins zone.
12:58 of 3rd period - Shot by Nicklas Lidstrom.
12:58 of 3rd period - Stopped by Marc-Andre Fleury without a rebound.
12:59 of 3rd period - Gabriel Landeskog wins face-off versus Brian Gionta in Penguins zone.
12:59 of 3rd period - Kris Letang is hit by Brian Gionta and loses puck.
13:14 of 3rd period - Brian Gionta is hit by Gabriel Landeskog and loses puck.
14:01 of 3rd period - Shot by Fedor Tyutin.
14:01 of 3rd period - Stopped by Marc-Andre Fleury without a rebound.
14:02 of 3rd period - Gabriel Landeskog wins face-off versus Bobby Ryan in Penguins zone.
15:05 of 3rd period - Off-side.
15:06 of 3rd period - Joe Pavelski wins face-off versus Brian Rolston in neutral zone.
15:58 of 3rd period - Icing by Tom Gilbert.
15:59 of 3rd period - Jason Arnott wins face-off versus Stephen Weiss in Wild zone.
15:59 of 3rd period - Jason Arnott is hit by Gabriel Landeskog.
17:18 of 3rd period - Icing by Nicklas Lidstrom.
17:19 of 3rd period - Olli Jokinen wins face-off versus Joe Pavelski in Wild zone.
18:01 of 3rd period - Shot by Henrik Tallinder.
18:01 of 3rd period - Goal by Henrik Tallinder - Penguins : 3 - Wild : 4.
18:02 of 3rd period - Jason Arnott wins face-off versus Stephen Weiss in neutral zone.
18:32 of 3rd period - Shot by Gabriel Landeskog.
18:32 of 3rd period - Shot Misses the Net.
18:34 of 3rd period - Shot by Ryan Callahan.
18:34 of 3rd period - Shot Blocked by Dan Hamhuis.
18:35 of 3rd period - Minor Penalty to Dan Hamhuis for Hooking.
18:36 of 3rd period - Olli Jokinen wins face-off versus Joe Pavelski in Wild zone.
19:00 of 3rd period - Penguins, Marc-Andre Fleury is pulled from the net.
19:44 of 3rd period - Brian Gionta is hit by Ryan Callahan and loses puck.
19:58 of 3rd period - Icing by Kris Letang.
19:59 of 3rd period - Marc-Andre Fleury from Penguins was sent back in the game.
19:59 of 3rd period - Olli Jokinen wins face-off versus Stephen Weiss in Penguins zone.


Output by the SimonT Hockey Simulator (STHS) for Stephane Roy -- Original Page W3C XHTML 1.0 Valid
Hockey Simulator - Hockey Simulation - Hockey Manager